 Dungeon Crawl Stone Soup version 0.27.1-33-g824d729ab1 (webtiles) character file.

Game seed: 3785499582353277246

734 Adrian566 the Slasher (level 7, -9/60 HPs)
             Began as a Black Draconian Fighter on Dec 9, 2021.
             Was an Initiate of Gozag.
             Killed by divine providence
             ... invoked by an orc priest
              (12 damage)
             ... on level 5 of the Dungeon.
             The game lasted 00:07:59 (4627 turns).

Adrian566 the Slasher (Black Draconian Fighter)     Turns: 4627, Time: 00:08:00

Health: -9/60      AC:  6    Str: 20    XL:     7   Next: 45%
Magic:  7/7        EV: 11    Int:  9    God:    Gozag
Gold:   194        SH:  9    Dex: 10    Spells: 6/6 levels left

rFire    . . .     SeeInvis .   a - +0 long sword
rCold    . . .     Faith    .   b - +0 kite shield
rNeg     . . .     Spirit   .   (armour unavailable)
rPois    .         Reflect  .   (helmet restricted)
rElec    +         Harm     .   (no cloak)
rCorr    .         Rampage  .   (no gloves)
Will     .....                  (no boots)
Stlth    +.........             (no amulet)
HPRegen  0.20/turn              (no ring)
MPRegen  0.10/turn              (no ring)

@: flying
A: breathe lightning, AC +6, unfitting armour, electricity resistance,
cold-blooded
a: Breathe Lightning, Renounce Religion, Potion Petition, Call Merchant, Bribe
Branch


You were on level 5 of the Dungeon.
You worshipped Gozag.
Gozag was aware of your devotion.
You visited 2 branches of the dungeon, and saw 6 of its levels.

You collected 236 gold pieces.
You paid 42 gold pieces to Gozag.

Inventory:

Hand Weapons
 a - a +0 long sword (weapon)
Armour
 b - a +0 kite shield (worn)
 n - a +0 pair of gloves
Jewellery
 d - a +4 ring of protection
Scrolls
 g - 2 scrolls of teleportation
Potions
 e - a potion of berserk rage
 h - 2 potions of lignification
 l - a potion of brilliance
 m - a potion of curing


   Skills:
 + Level 4.9 Fighting
 + Level 5.3 Long Blades
 + Level 4.3 Dodging
 + Level 1.0 Stealth
 + Level 4.9 Shields


You had 6 spell levels left.
You didn't know any spells.
Your spell library contained the following spells:

 Spells                   Type           Power      Damage    Failure   Level
 Animate Skeleton         Necr           0%         N/A       83%         1
 Apportation              Tloc           0%         N/A       83%         1
 Corona                   Hex            0%         N/A       83%         1
 Summon Small Mammal      Summ           0%         N/A       83%         1
 Alistair's Intoxication  Tmut/Pois      0%         N/A       100%        5
 Borgnjor's Vile Clutch   Necr/Erth      0%         N/A       100%        5
 Eringya's Noxious Bog    Tmut/Pois      0%         N/A       100%        6


Dungeon Overview and Level Annotations

Branches:
Dungeon (5/15)             Temple (1/1) D:4

Altars:
Ashenzari
Cheibriados
Dithmenos
Elyvilon
Fedhas
Gozag
Hepliaklqana
Kikubaaqudgha
Makhleb
Nemelex Xobeh
Okawaru
Qazlal
Ru
Sif Muna
Trog
Uskayaw
Wu Jian
Xom
Yredelemnul
Zin
The Shining One


Innate Abilities, Weirdness & Mutations

You can breathe wild blasts of lightning.
Your glossy black scales are hard. (AC +6)
You cannot fit into any form of body armour.
You are resistant to electric shocks. (rElec)
You are cold-blooded and may be slowed by cold attacks.


Message History

You completely miss something. Something hits you but does no damage.
You slash something!
Reactivating autopickup.
You feel a bit more experienced.
You now have 188 gold pieces (gained 5).
d - a +4 ring of protection
Things that are here:
a +0 dagger; a +0 robe
Things that are here:
a +0 dagger; a +0 robe You now have 194 gold pieces (gained 6).
An orc is nearby!
An orc is nearby!
An orc priest comes into view. It is wielding a +0 dagger.
The orc priest shouts!
You hear a shout!
The orc shouts!
The orc priest shouts!
The orc priest looks satisfied for a moment.
The orc priest calls down the wrath of Beogh upon you.
Beogh smites you! The orc closely misses you.
The orc priest shouts!
You closely miss the orc.
The orc priest begins to cast a cantrip, but forgets the words!
The orc priest calls down the wrath of Beogh upon you.
Beogh smites you!
The orc priest calls down the wrath of Beogh upon you.
Beogh smites you!
* * * LOW HITPOINT WARNING * * *
The orc priest casts a cantrip, but nothing happens.
The orc priest begins to cast a cantrip, but forgets the words!
The orc completely misses you.
The orc priest mumbles some strange prayers to Beogh against you.
Beogh smites you!
* * * LOW HITPOINT WARNING * * *
You feel very buoyant.
You fly up into the air.
The orc priest looks braver for a moment.
The orc priest mumbles some strange prayers to Beogh against you.
Beogh smites you!
You die...
Your body crumbles into a pile of gold.

..............##
.......)$#..#..#
.........##....###
........$o.o.....#
#..........#o....#
##........$......#
#.........#.o...#
####..(...#.....#
#......####o@#
#......# ##$##
#......# #..#
########
#..#######
#..).)...#
#..).....#
#........#
#........#
#........#


You could see 4 orc priests and an orc.

Vanquished Creatures
  An ice beast (D:4)
  A bullfrog (D:3)
  A water moccasin skeleton (D:5)
  A jelly (D:4)
  An orc priest (D:5)
  2 hounds
  A bullfrog skeleton (D:5)
  5 orc wizards
  Natasha (thrice) (D:3)
  An iguana (D:3)
  A hound skeleton (D:4)
  4 gnolls
  3 adders
  An adder skeleton (D:4)
  A dart slug (D:2)
  9 orcs
  7 endoplasms
  3 giant cockroaches
  8 goblins
  9 hobgoblins
  3 jackals (D:2)
  2 quokkas
  6 ball pythons
  10 bats
  2 frilled lizards
  6 kobolds
  A quokka skeleton (D:4)
  5 rats
98 creatures vanquished.

Notes
Turn   | Place    | Note
-------+----------+-------------------------------------------
     0 | D:1      | Adrian566 the Draconian Fighter began the quest for the
                  | Orb.
     0 | D:1      | Reached XP level 1. HP: 19/19 MP: 1/1
    28 | D:1      | Reached XP level 2. HP: 6/26 MP: 2/2
   581 | D:1      | Reached XP level 3. HP: 33/33 MP: 3/3
  1331 | D:2      | Reached XP level 4. HP: 40/40 MP: 4/4
  1419 | D:2      | Found a faded altar of an unknown god.
  1812 | D:3      | Noticed a bullfrog
  1813 | D:3      | Noticed Natasha
  1826 | D:3      | Killed a bullfrog
  1827 | D:3      | Reached skill level 3 in Long Blades
  1827 | D:3      | Reached XP level 5. HP: 28/46 MP: 5/5
  1827 | D:3      | Killed Natasha
  2158 | D:3      | Noticed Natasha
  2170 | D:3      | Killed Natasha
  2415 | D:3      | Noticed Natasha
  2420 | D:3      | Killed Natasha
  2898 | D:4      | Reached skill level 4 in Long Blades
  2898 | D:4      | Reached XP level 6. HP: 47/52 MP: 6/6
  3065 | D:4      | Found a staircase to the Ecumenical Temple.
  3314 | Temple   | Entered the Ecumenical Temple
  3717 | Temple   | Became a worshipper of Gozag Ym Sagoz the Greedy
  4059 | D:5      | Entered Level 5 of the Dungeon
  4061 | D:5      | Noticed an ice beast
  4098 | D:4      | Killed an ice beast
  4099 | D:4      | Reached skill level 5 in Long Blades
  4099 | D:4      | Your scales start taking on a glossy black colour.
  4099 | D:4      | Reached XP level 7. HP: 32/60 MP: 7/7
  4099 | D:4      | Gained mutation: You are resistant to electric shocks.
                  | (rElec) [Black Draconian growth]
  4331 | D:5      | HP: 3/60 [something (3)]
  4508 | D:5      | Reached skill level 1 in Stealth
  4622 | D:5      | HP: 2/60 [orc priest/divine providence (11)]
  4627 | D:5      | Killed from afar by an orc priest

Illustrated notes

Levels and vault maps discovered:
D:1:      amcnicky_arrival_wind_blow, layout_basic
D:2:      layout_loops_cross, basic_ecumenical_altar
D:3:      layout_loops_cross, uniq_natasha
D:4:      layout_basic, minmay_temple_entry_arrows
D:5:      layout_rooms, mainiacjoe_overflow_alcove_2
Temple:   nicolae_temple_the_god_donut

Skill      XL: |  1  2  3  4  5  6  7 |
---------------+----------------------+-----
Dodging        | 3 4 |  4.3
Fighting       | 4 |  4.9
Long Blades    | 3 4 5 |  5.3
Shields        | 4 |  4.9
Stealth        | 1 |  1.0

Action                   |  1- 3 |  4- 6 |  7- 9 || total
-------------------------+-------+-------+-------++-------
Melee: Long sword        |   108 |   186 |    60 ||   354
       Tailslap          |    11 |    16 |    13 ||    40
 Abil: Breathe Lightning |       |       |     1 ||     1
  Use: Potion            |     2 |     2 |     6 ||    10
       Scroll            |     1 |       |     6 ||     7
Armor: Skin              |    47 |    73 |    28 ||   148
Dodge: Dodged            |    62 |    77 |    20 ||   159
Block: Kite shield       |    58 |    99 |    15 ||   172
       Rpst.: Long sword |    23 |    21 |     4 ||    48
